PCL
ROUND ROCK EXPRESS @ SACRAMENTO RIVER CATS
05/22/2099
 
TOP OF THE 1ST
Round Rock Express batting - Pitching for Sacramento River Cats : RHP Jesus Argona
Pitching: RHP Jesus Argona
Batting: RHB Phil Roth 0-0: Foul Ball, location: 2F
0-1: Fly out, F9 (Flyball, 9LM, EV 91.9 MPH)
Batting: SHB Hugo Rodriguez 0-0: Ball
1-0: Swinging Strike
1-1: Foul Ball, location: 2F
1-2: SINGLE (Groundball, 56D, EV 102.5 MPH)
Batting: RHB Todd Peters 0-0: Fielders Choice at 2nd, 3-6 (Groundball, 3, EV 82.5 MPH)
Batting: LHB Justin Marcus 0-0: Called Strike
0-1: 2-RUN HOME RUN (Flyball, 7D, EV 102.5 MPH), Distance : 378 ft
Batting: RHB Kevin Phillips 0-0: Ball
1-0: Swinging Strike
1-1: Called Strike
1-2: Strikes out swinging
Top of the 1st over - 2 runs, 2 hits, 0 errors, 0 left on base; Round Rock 2 - Sacramento 0
BOTTOM OF THE 1ST
Sacramento River Cats batting - Pitching for Round Rock Express : RHP Luis Zubia
Pitching: RHP Luis Zubia
Batting: RHB Brendan Morris 0-0: Called Strike
0-1: Ball
1-1: Ground out 5-3 (Groundball, 5S, EV 83.8 MPH)
Batting: RHB Miles Carr 0-0: SINGLE (Groundball, 6MS, EV 70.6 MPH) (infield hit)
Batting: RHB Luis Jaramillo 0-0: Ball
1-0: Ball
2-0: Foul Ball, location: 2F
2-1: Ball
3-1: Base on Balls
Miles Carr to second
Batting: LHB Sergio Almanza 0-0: Ball
1-0: Foul Ball, location: 3F
1-1: Ball
2-1: Ball
3-1: Called Strike
3-2: Fly out, F8 (Line Drive, 8LD, EV 102.5 MPH)
Batting: LHB Raul Arellano 0-0: Called Strike
0-1: Called Strike
0-2: Strikes out swinging
Bottom of the 1st over - 0 runs, 1 hit, 0 errors, 2 left on base; Round Rock 2 - Sacramento 0
TOP OF THE 2ND
Round Rock Express batting - Pitching for Sacramento River Cats : RHP Jesus Argona
Batting: LHB Josh Anderson 0-0: Ball
1-0: Called Strike
1-1: Foul Ball, location: 2F
1-2: Foul Ball, location: 25FF
1-2: Foul Ball, location: 7LDF
1-2: Strikes out looking
Batting: LHB Dallas Zancanella 0-0: Called Strike
0-1: Ball
1-1: Ball
2-1: Ball
3-1: Called Strike
3-2: Strikes out swinging, 2-3 out at first.
Batting: LHB Stephen Barton 0-0: Called Strike
0-1: Called Strike
0-2: Foul Ball, location: 23F
0-2: Strikes out swinging
Top of the 2nd over - 0 runs, 0 hits, 0 errors, 0 left on base; Round Rock 2 - Sacramento 0
BOTTOM OF THE 2ND
Sacramento River Cats batting - Pitching for Round Rock Express : RHP Luis Zubia
Batting: RHB Elvin Reiss 0-0: Called Strike
0-1: Ball
1-1: Fly out, F8 (Flyball, 89M, EV 91.9 MPH)
Batting: LHB Antonio Corral 0-0: Ball
1-0: Called Strike
1-1: Swinging Strike
1-2: Foul Ball, location: 2F
1-2: Ball
2-2: Ground out 6-3 (Groundball, 6, EV 76.3 MPH)
Batting: SHB Jody Tomko 0-0: Ball
1-0: Ball
2-0: Foul Ball, location: 2F
2-1: Ball
3-1: Ground out U3 (Groundball, 3, EV 103.1 MPH)
Bottom of the 2nd over - 0 runs, 0 hits, 0 errors, 0 left on base; Round Rock 2 - Sacramento 0
TOP OF THE 3RD
Round Rock Express batting - Pitching for Sacramento River Cats : RHP Jesus Argona
Batting: RHB Jim Unknown 0-0: Ball
1-0: Foul Ball, location: 2F
1-1: Fly out, F8 (Line Drive, 8RM, EV 89.4 MPH)
Batting: RHB Phil Roth 0-0: Ball
1-0: Called Strike
1-1: Ball
2-1: Fly out, F9 (Flyball, 9, EV 81.9 MPH)
Batting: SHB Hugo Rodriguez 0-0: Called Strike
0-1: Foul Ball, location: 2F
0-2: Ball
1-2: Ground out 4-3 (Groundball, 4D, EV 106.9 MPH)
Top of the 3rd over - 0 runs, 0 hits, 0 errors, 0 left on base; Round Rock 2 - Sacramento 0
BOTTOM OF THE 3RD
Sacramento River Cats batting - Pitching for Round Rock Express : RHP Luis Zubia
Batting: RHB Jim Unknown 0-0: Ball
1-0: Ball
2-0: Swinging Strike
2-1: Called Strike
2-2: Ball
3-2: Strikes out swinging
Batting: RHB Brendan Morris 0-0: Ball
1-0: Foul Ball, location: 2F
1-1: Ball
2-1: Ball
3-1: Fly out, F9 (Flyball, 9D, EV 97.5 MPH)
Batting: RHB Miles Carr 0-0: Called Strike
0-1: Ball
1-1: Foul Ball, location: 2F
1-2: Ball
2-2: Ball
3-2: Strikes out swinging
Bottom of the 3rd over - 0 runs, 0 hits, 0 errors, 0 left on base; Round Rock 2 - Sacramento 0
TOP OF THE 4TH
Round Rock Express batting - Pitching for Sacramento River Cats : RHP Jesus Argona
Batting: RHB Todd Peters 0-0: Called Strike
0-1: Ground out 1-3 (Groundball, 13S, EV 72.5 MPH)
Batting: LHB Justin Marcus 0-0: Foul Ball, location: 7LMF
0-1: Foul Ball, location: 2F
0-2: Strikes out swinging
Batting: RHB Kevin Phillips 0-0: Called Strike
0-1: Called Strike
0-2: Strikes out looking
Top of the 4th over - 0 runs, 0 hits, 0 errors, 0 left on base; Round Rock 2 - Sacramento 0
BOTTOM OF THE 4TH
Sacramento River Cats batting - Pitching for Round Rock Express : RHP Luis Zubia
Batting: RHB Luis Jaramillo 0-0: Called Strike
0-1: Ball
1-1: Ball
2-1: Called Strike
2-2: Strikes out swinging
Batting: LHB Sergio Almanza 0-0: Foul Ball, location: 2F
0-1: SINGLE (Groundball, 34D, EV 96.3 MPH)
Batting: LHB Raul Arellano 0-0: Ball
Sergio Almanza steals 2nd base
1-0: Ball
2-0: SINGLE (Groundball, 34D, EV 106.9 MPH)
Sergio Almanza to third
Runner from 3rd tries for Home, SAFE, throw by RF to home
Batting: RHB Elvin Reiss 0-0: Swinging Strike
0-1: Called Strike
0-2: Strikes out looking
Batting: LHB Antonio Corral 0-0: Ball
1-0: Ball
2-0: Called Strike
2-1: Foul Ball, location: 7LSF
2-2: Ground out U3 (Groundball, 3L, EV 88.1 MPH)
Bottom of the 4th over - 1 run, 2 hits, 0 errors, 1 left on base; Round Rock 2 - Sacramento 1
TOP OF THE 5TH
Round Rock Express batting - Pitching for Sacramento River Cats : RHP Jesus Argona
Batting: LHB Josh Anderson 0-0: Ball
1-0: Ball
2-0: Called Strike
2-1: Ball
3-1: Foul Ball, location: 7LDF
3-2: Strikes out swinging
Batting: LHB Dallas Zancanella 0-0: Ball
1-0: Foul Ball, location: 3FF
1-1: Foul Ball, location: 5F
1-2: Ball
2-2: Fly out, F7 (Flyball, 7D, EV 96.3 MPH)
Batting: LHB Stephen Barton 0-0: Called Strike
0-1: Called Strike
0-2: Foul Ball, location: 2F
0-2: Foul Ball, location: 25FF
0-2: Hit by Pitch
Batting: RHB Jim Unknown 0-0: Swinging Strike
0-1: Ball
1-1: Called Strike
1-2: Ball
2-2: Foul Ball, location: 23F
2-2: Strikes out swinging
Top of the 5th over - 0 runs, 0 hits, 0 errors, 1 left on base; Round Rock 2 - Sacramento 1
BOTTOM OF THE 5TH
Sacramento River Cats batting - Pitching for Round Rock Express : RHP Luis Zubia
Batting: SHB Jody Tomko 0-0: Ball
1-0: Ball
2-0: Called Strike
2-1: Ball
3-1: Swinging Strike
3-2: Base on Balls
Batting: RHB Jim Unknown 0-0: Ball
1-0: Ball
2-0: Swinging Strike
2-1: Swinging Strike
2-2: Foul Ball, location: 3F
2-2: Foul Ball, location: 7LDF
2-2: Strikes out looking
Batting: RHB Brendan Morris 0-0: Called Strike
0-1: Ball
1-1: Fielders Choice at 2nd, 6-4 (Groundball, 6, EV 91.3 MPH)
Batting: RHB Miles Carr 0-0: SINGLE (Line Drive, 8RS, EV 99.4 MPH)
Brendan Morris to second
Runner from 2nd tries for 3rd, SAFE, no throw by CF
Batting: RHB Luis Jaramillo 0-0: Ball
1-0: Called Strike
1-1: Foul Ball, location: 3F
1-2: Ball
2-2: Strikes out swinging
Bottom of the 5th over - 0 runs, 1 hit, 0 errors, 2 left on base; Round Rock 2 - Sacramento 1
TOP OF THE 6TH
Round Rock Express batting - Pitching for Sacramento River Cats : RHP Jesus Argona
Batting: RHB Phil Roth 0-0: Ball
1-0: Ball
2-0: Ground out 5-3 (Groundball, 56, EV 86.9 MPH)
Batting: SHB Hugo Rodriguez 0-0: Ball
1-0: Foul Ball, location: 2F
1-1: Ground out U3 (Groundball, 34, EV 91.3 MPH)
Batting: RHB Todd Peters 0-0: Fly out, F7 (Line Drive, 7LS, EV 101.3 MPH)
Top of the 6th over - 0 runs, 0 hits, 0 errors, 0 left on base; Round Rock 2 - Sacramento 1
BOTTOM OF THE 6TH
Sacramento River Cats batting - Pitching for Round Rock Express : RHP Luis Zubia
Batting: LHB Sergio Almanza 0-0: Ball
1-0: Fly out, F9 (Flyball, 9LM, EV 86.3 MPH)
Batting: LHB Raul Arellano 0-0: Foul Ball, location: 2F
0-1: Called Strike
0-2: Ball
1-2: Ball
2-2: Fly out, F7 (Line Drive, 78M, EV 108.1 MPH)
Batting: RHB Elvin Reiss 0-0: Called Strike
0-1: Called Strike
0-2: Strikes out looking
Bottom of the 6th over - 0 runs, 0 hits, 0 errors, 0 left on base; Round Rock 2 - Sacramento 1
TOP OF THE 7TH
Round Rock Express batting - Pitching for Sacramento River Cats : RHP Jesus Argona
Batting: LHB Justin Marcus 0-0: Swinging Strike
0-1: Ball
1-1: Ground out 4-3 (Groundball, 34D, EV 106.9 MPH)
Batting: RHB Kevin Phillips 0-0: Called Strike
0-1: Foul Ball, location: 5F
0-2: Strikes out swinging
Batting: LHB Josh Anderson 0-0: Fly out, F8 (Flyball, 8RXD, EV 93.8 MPH)
Top of the 7th over - 0 runs, 0 hits, 0 errors, 0 left on base; Round Rock 2 - Sacramento 1
BOTTOM OF THE 7TH
Sacramento River Cats batting - Pitching for Round Rock Express : RHP Luis Zubia
Pitching: RHP Mike Spearman
Batting: LHB Antonio Corral 0-0: Ball
1-0: Called Strike
1-1: Called Strike
1-2: Foul Ball, location: 25F
1-2: Ball
2-2: Foul Ball, location: 2F
2-2: SINGLE (Groundball, 4MD, EV 112.5 MPH)
Batting: SHB Jody Tomko 0-0: Fly out, F4 (Popup, 4, EV 63.1 MPH)
Batting: RHB Kenny Giancola 0-0: Ball
1-0: DOUBLE (Line Drive, 9LM, EV 98.1 MPH)
Antonio Corral to third
Runner from 3rd tries for Home, SAFE, no throw by RF
Batting: RHB Brendan Morris 0-0: Called Strike
0-1: Foul Ball, location: 2F
0-2: Foul Ball, location: 7LDF
0-2: Foul Ball, location: 3DF
0-2: Strikes out looking
Batting: RHB Miles Carr 0-0: Called Strike
0-1: Ball
1-1: Ball
2-1: Ball
3-1: Ground out 6-3 (Groundball, 6, EV 88.8 MPH)
Bottom of the 7th over - 1 run, 2 hits, 0 errors, 1 left on base; Round Rock 2 - Sacramento 2
TOP OF THE 8TH
Round Rock Express batting - Pitching for Sacramento River Cats : RHP Jesus Argona
Pitching: RHP Randy Misener
Batting: LHB Dallas Zancanella 0-0: Ball
1-0: Ball
2-0: Ball
3-0: Base on Balls
Batting: LHB Stephen Barton 0-0: Ball
1-0: Foul Ball, location: 2F
1-1: Ball
2-1: Foul Ball, location: 25F
2-2: Ground out 4-3 (Groundball, 34D, EV 98.8 MPH)
Dallas Zancanella to second
Batting: LHB Tyler Petry 0-0: Intentional Walk
Pinch Hitting: SHB Joe Larsen 0-0: Ball
1-0: Foul Ball, location: 7LMF
1-1: Called Strike
1-2: Strikes out swinging
Batting: SHB Hugo Rodriguez 0-0: Swinging Strike
0-1: Ball
1-1: Foul Ball, location: 7LMF
1-2: Strikes out swinging
Top of the 8th over - 0 runs, 0 hits, 0 errors, 2 left on base; Round Rock 2 - Sacramento 2
BOTTOM OF THE 8TH
Sacramento River Cats batting - Pitching for Round Rock Express : RHP Mike Spearman
Now at SS: Adam Eakin
Batting: RHB Luis Jaramillo 0-0: Called Strike
0-1: Swinging Strike
0-2: Ball
1-2: Fly out, F8 (Flyball, 8RM, EV 88.8 MPH)
Batting: LHB Sergio Almanza 0-0: Called Strike
0-1: Foul Ball, location: 7LMF
0-2: Strikes out swinging
Batting: LHB Raul Arellano 0-0: Ball
1-0: Ball
2-0: Ball
3-0: Base on Balls
Batting: RHB Elvin Reiss 0-0: Foul Ball, location: 9LSF
0-1: Foul Ball, location: 2F
0-2: Fielders Choice at 2nd, 6-4 (Groundball, 6, EV 85.6 MPH)
Bottom of the 8th over - 0 runs, 0 hits, 0 errors, 1 left on base; Round Rock 2 - Sacramento 2
TOP OF THE 9TH
Round Rock Express batting - Pitching for Sacramento River Cats : RHP Randy Misener
Pinch Hitting: LHB Jonathan Staib 0-0: Ball
1-0: Fly out, F9 (Line Drive, 9S, EV 91.9 MPH)
Batting: LHB Justin Marcus 0-0: Ball
1-0: Called Strike
1-1: Foul Ball, location: 2F
1-2: Strikes out swinging, 2-3 out at first.
Batting: RHB Kevin Phillips 0-0: Swinging Strike
0-1: Ball
1-1: Called Strike
1-2: Strikes out swinging
Top of the 9th over - 0 runs, 0 hits, 0 errors, 0 left on base; Round Rock 2 - Sacramento 2
BOTTOM OF THE 9TH
Sacramento River Cats batting - Pitching for Round Rock Express : RHP Mike Spearman
Now in CF: Jesus Mena
Batting: LHB Antonio Corral 0-0: Foul Ball, location: 23FF
0-1: Ball
1-1: Ball
2-1: Foul Ball, location: 7LSF
2-2: DOUBLE (Groundball, 3L, EV 103.1 MPH)
Batting: SHB Jody Tomko 0-0: Fly out, F8 (Flyball, 8RXD, EV 98.8 MPH)
Runner from 2nd tags up, SAFE at 3rd, no throw by CF
Batting: RHB Kenny Giancola 0-0: SINGLE (Groundball, 6MD, EV 104.4 MPH)
Antonio Corral scores
Bottom of the 9th over - 1 run, 2 hits, 0 errors, 1 left on base; Round Rock 2 - Sacramento 3
Sunday, May 5th , 2024 - OOTP Baseball 24.11 Build 85